 Dungeon Crawl Stone Soup version 0.30-a0-930-gb9d0489357 (webtiles) character file.

Game seed: 17055194666558122204

119 Dittersdorf the Trooper (level 5, -5/25 (42) HPs)
             Began as a Human Fighter on Mar 23, 2023.
             Slain by Edmund
             ... wielding a +0 flail of draining
              (9 damage)
             ... on level 3 of the Dungeon.
             The game lasted 00:03:56 (2864 turns).

Dittersdorf the Trooper (Human Fighter)             Turns: 2864, Time: 00:03:57

HP:   -5/25 (42)    AC:  8    Str: 19    XL:     5   Next: 24%
MP:   1/1           EV:  9    Int:  8    God:
Gold: 117           SH:  9    Dex: 12    Spells: 4/4 levels left

rFire   . . .      SeeInvis .    o - +0 rapier "Jus Ryf" {antimagic, rPois rC+}
rCold   + . .      Faith    .    c - +0 buckler
rNeg    . . .      Spirit   .    b - +0 scale mail
rPois   +          Reflect  +    n - +0 helmet
rElec   .          Rampage  .    (no cloak)
rCorr   .                        (no gloves)
Will    .....                    (no boots) Stlth
                                 l - amulet of reflection
HPRegen 0.24/turn                (no ring)
MPRegen 0.07/turn                (no ring)

@: very heavily drained
A: no striking features
a: no special abilities


You were on level 3 of the Dungeon.
You visited 1 branch of the dungeon, and saw 4 of its levels.

You collected 117 gold pieces.

Inventory:

Hand Weapons
 a - a +1 long sword
 o - the +0 rapier "Jus Ryf" (weapon) {antimagic, rPois rC+}
   (You found it on level 2 of the Dungeon)

   rC:        It protects you from cold.
   rPois:     It protects you from poison.
Missiles
 q - 2 poisoned darts (quivered)
Armour
 b - a +0 scale mail (worn)
 c - a +0 buckler (worn)
 n - a +0 helmet (worn)
Jewellery
 l - an amulet of reflection (around neck)
Scrolls
 e - 2 scrolls of teleportation
 i - a scroll of enchant weapon
Potions
 d - 2 potions of might
 h - 2 potions of resistance {unknown}
 m - a potion of heal wounds {unknown}
 r - 2 potions of berserk rage {unknown}
 s - a potion of attraction {unknown}


   Skills:
 + Level 3.8 Fighting
 + Level 3.0 Long Blades
 + Level 3.7 Armour
 + Level 3.7 Shields


You had 4 spell levels left.
You didn't know any spells.
Your spell library contained the following spells:

 Spells                   Type           Power      Damage    Failure   Level
 Scorch                   Fire           0%         2d5       94%         2
 Flame Wave               Conj/Fire      0%         2d4       100%        4
 Summon Cactus Giant      Summ           0%         N/A       100%        6


Dungeon Overview and Level Annotations

Branches:
Dungeon (4/15)
 Temple: D:4-7

Altars:
Fedhas
Uskayaw

Shops:
D:1 *

Annotations:
D:3 Edmund


Message History

Aim: Edmund, wielding a +0 flail of draining and wearing a +0 leather armour (moderately wounded, poisoned, 57% to hit)
You throw a poisoned dart.
The poisoned dart closely misses Edmund.
Edmund hits you with a +0 flail of draining.
* * * LOW HITPOINT WARNING * * *
You feel drained.
Throw: 5 darts (poison)
Press: ? - help, Q - select action Shift-Dir - straight line, f/p - Edmund
Aim: Edmund, wielding a +0 flail of draining and wearing a +0 leather armour (moderately wounded, poisoned, 57% to hit)
You throw a poisoned dart. The poisoned dart hits Edmund.
Edmund looks even sicker.
Edmund is moderately wounded.
You block Edmund's attack.
Things that are here:
a +0 short sword; a +0 club; a kobold skeleton Edmund closely misses you.
Edmund attacks as you move away! Edmund barely misses you.
Edmund attacks as you move away! Edmund hits you but does no damage.
You feel drained.
Edmund looks more healthy.
Edmund attacks as you move away!
Edmund hits you with a +0 flail of draining.
* * * LOW HITPOINT WARNING * * *
You feel drained.
* * * LOW HITPOINT WARNING * * *
Throw: 4 darts (poison)
Press: ? - help, Q - select action Shift-Dir - straight line, f/p - Edmund
Aim: Edmund, wielding a +0 flail of draining and wearing a +0 leather armour (heavily wounded, 57% to hit)
You throw a poisoned dart. The poisoned dart barely misses Edmund.
Edmund closely misses you.
Throw: 3 darts (poison)
Press: ? - help, Q - select action Shift-Dir - straight line, f/p - Edmund
Aim: Edmund, wielding a +0 flail of draining and wearing a +0 leather armour (heavily wounded, 57% to hit)
You throw a poisoned dart. The poisoned dart hits Edmund.
Edmund is poisoned.
Edmund is heavily wounded.
Edmund misses you. Edmund attacks as you move away! You block Edmund's attack.
Edmund attacks as you move away!
Edmund hits you with a +0 flail of draining!
You die...

#..........# #
####.......###
#........(÷
###.....(.[>)
#.........).. ###
#.⌠.###...### #.# #...#
#.8.#..
##.########...###...#..
#.....@@.(.....(#######
##.#######.##..........
#.#...................
#.##.####.##.###.....#
#.........##.# #.....#
####.####.##.# #.....#
#.# #.##.# #.....# #.#
#.##.#####...# #.#
#............#


You could see Edmund (poisoned).

Vanquished Creatures
  3 adders (D:3)
  3 dart slugs (D:1)
  5 orcs
  2 ball pythons
  5 endoplasms
  A giant cockroach (D:2)
  8 goblins
  8 hobgoblins
  11 jackals (D:1)
  14 kobolds
  A quokka (D:1)
  3 bats
  4 frilled lizards
  5 rats
73 creatures vanquished.

Notes
Turn   | Place    | Note
-------+----------+-------------------------------------------
     0 | D:1      | Dittersdorf the Human Fighter began the quest for the Orb.
     0 | D:1      | Reached XP level 1. HP: 18/18 MP: 1/1
   101 | D:1      | Reached XP level 2. HP: 24/24 MP: 2/2
   283 | D:1      | Reached XP level 3. HP: 21/29 MP: 3/3
   322 | D:1      | Found Orehon's General Store.
   493 | D:1      | Reached XP level 4. HP: 35/35 MP: 4/4
  1117 | D:2      | Identified the +0 rapier "Jus Ryf" {antimagic, rPois rC+}
  1752 | D:3      | Reached XP level 5. HP: 42/42 MP: 1/5
  2418 | D:4      | Noticed a +0 short sword
  2418 | D:4      | Noticed a +0 spear
  2418 | D:4      | Noticed a +0 dagger
  2419 | D:4      | Noticed a +0 falchion
  2420 | D:4      | Noticed a +0 spear
  2420 | D:4      | Noticed a +0 falchion
  2530 | D:4      | Noticed a +0 dagger
  2531 | D:4      | Noticed a +0 short sword
  2547 | D:4      | Found a hide-covered altar of Uskayaw.
  2794 | D:4      | Noticed Edmund
  2826 | D:4      | Found a blossoming altar of Fedhas.
  2864 | D:3      | Slain by Edmund

Illustrated notes

Levels and vault maps discovered:
D:1:      roderic_dead_forest, layout_basic, serial_shops, nicolae_shop_stone
D:2:      layout_loops_ring
D:3:      layout_basic, nicolae_elevator_lobby_asterisk
D:4:      layout_cave_pools, nicolae_uskayaw_en_pointe, vehumet_crystals,
          fedhas_altar_1, serial_shops, nicolae_shop_behind_doors, uniq_edmund

Skill      XL: |  1  2  3  4  5 |
---------------+----------------+-----
Long Blades    | 3 |  3.0
Fighting       | |  3.8
Armour         | |  3.7
Shields        | |  3.7

Action                     |  1- 3 |  4- 6 || total
---------------------------+-------+-------++-------
  Melee: Long sword        |   109 |    30 ||   139
         Rapier            |       |   129 ||   129
  Throw: Dart              |       |     8 ||     8
    Use: Scroll            |       |     8 ||     8
 Armour: Scale mail        |    52 |    78 ||   130
  Dodge: Dodged            |    43 |    89 ||   132
  Block: Buckler           |    27 |    71 ||    98

Table legend: (Time is in decaauts)
 A = Elapsed time spent in this place.
 B = Non-inter-level travel time spent in this place.
 C = Inter-level travel time spent in this place.
 D = Time resting spent in this place.
 E = Time spent auto-exploring this place.
 F = Levels seen in this place.
 G = Mean time per level.
                   A        B        C        D        E       F      G
               +--------+--------+--------+--------+--------+-----+--------+
         Total |   2933 |   2875 |     58 |    284 |   1903 |   4 |  733.2 |
       Dungeon |   2933 |   2875 |     58 |    284 |   1903 |   4 |  733.2 |
               +--------+--------+--------+--------+--------+-----+--------+

Top non-repeatable levels by time:
     D:3: 1253 daAuts
     D:1: 837 daAuts
     D:2: 608 daAuts
     D:4: 234 daAuts
